Description

In this game, Dark shows a 12/11 speedling bane aggressive opener, and transitions into +1 range roach nydus which he uses to counter Scarlett's mutalisk play.

VOD

https://www.youtube.com/watch?v=x9yaLvJTbZs

Replay - Dark v Scarlett: Game 1 - Catalyst LE

Build Order

Get SALT Encoding   

  12  0:09  Extractor  
  11  0:20  Spawning Pool  
  10  0:24  Drone  
  11  0:30  Drone x2  
  13  0:47  Overlord  
  13  1:07  Zergling x6  
  16  1:13  Metabolic Boost  
  16  1:19  Zergling x2  
  17  1:30  Zergling x2  
  18  1:36  Baneling Nest  
  17  1:41  Zergling x2  
  18  1:52  Zergling x2  
  19  1:59  Queen  
  21  2:10  Overlord  
  21  2:15  Zergling x2  
  21  2:20  Baneling x2  
  22  2:32  Drone x2  
  23  2:50  Drone x2  
  24  3:02  Baneling x2  
  24  3:07  Drone x3  
  28  3:31  Hatchery  
  29  3:41  Overlord  
  29  3:59  Queen  
  34  4:12  Overlord  
  36  4:31  Zergling x2  
  36  4:40  Baneling x2  
  36  4:45  Queen  
  43  4:54  Lair  
  45  5:04  Evolution Chamber  
  45  5:05  Baneling  
  46  5:14  Roach Warren  
  51  5:33  Zerg Missile Weapons Level 1  
  51  5:35  Overlord  
  52  5:45  Extractor x2  
  52  5:55  Queen  
  54  5:58  Glial Reconstitution  
  55  6:04  Queen  
  57  6:13  Nydus Network  
  55  6:19  Roach x2  
  59  6:32  Roach x3  
  65  6:44  Hatchery, Roach x2  
  68  6:50  Nydus Canal  
  68  6:54  Roach x3  
  74  7:01  Queen  
  80  7:11  Spore Crawler x2  
  83  7:25  Spore Crawler x2  
  89  7:45  Queen  
  91  7:56  Nydus Canal  
  91  8:01  Queen  
  90  8:06  Ravager x3  
  98  8:46  Extractor  
  96  8:53  Queen x2  
  100  9:05  Extractor  
  100  9:09  Spore Crawler x2  
  108  9:11  Ravager x2  
  113  9:23  Spore Crawler  
Spawning Tool Build Advisor. Get it on Overwolf

Analysis

Opener is noted here: https://www.reddit.com/r/allthingszerg/comments/7sieqh/12e11p_an_aggressive_approach_to_zvz/

Go to:

Details

  • Created by: s_d1
  • Published on: Apr 14, 2018
  • Modified on: Apr 14, 2018
  • Patch: 4.0.0
Show
View Real Time Build Order
Export as new Build Order

Comments (1)

On June 7, 2018, 2:07 p.m., Deith  said:

96 gas > pull 1 drone off gas

Create an account to comment!